 Dungeon Crawl Stone Soup version 0.23-a0-143-g1adec7b (webtiles) character file.

23 Deathtrap2010 the Digger (level 2, 0/24 HPs)
             Began as a Troll Earth Elementalist on Sept 1, 2018.
             Slain by a goblin (3 damage)
             ... on level 3 of the Dungeon.
             The game lasted 00:02:41 (375 turns).

Deathtrap2010 the Digger (Troll Earth Elementalist)  Turns: 375, Time: 00:02:42

Health: 0/24       AC:  5    Str: 15    XL:     2   Next: 75%
Magic:  1/3        EV: 10    Int: 11    God:
Gold:   0          SH:  0    Dex: 10    Spells: 2/3 levels left

rFire    . . .     SeeInvis .   (no weapon)
rCold    . . .     Gourm    +   (no shield)
rNeg     . . .     Faith    .   c - +0 robe
rPois    .         Spirit   .   (helmet restricted)
rElec    .         Reflect  .   (no cloak)
rCorr    .         Harm     .   (gloves unavailable)
MR       .....                  (boots unavailable)
Stlth    ..........             (no amulet)
HPRegen  0.48/turn              e - ring of attention (curse)
MPRegen  0.08/turn              (no ring)

@: very slightly contaminated
A: large, unfitting armour, claws 3, fast metabolism 3, gourmand, regeneration
1, shaggy fur 1, tough skin 2
a: no special abilities


You were on level 3 of the Dungeon.
You were not hungry.

You visited 1 branch of the dungeon, and saw 3 of its levels.

Inventory:

Missiles
 b - 22 stones (quivered)
Armour
 c - a +0 robe (worn)
Jewellery
 e - a cursed ring of attention (left claw)
Comestibles
 d - a ration


   Skills:
 * Level 0.2 Fighting
 * Level 1.7 Dodging
 - Level 1.0 Stealth
 * Level 0.4 Unarmed Combat
 * Level 1.4 Spellcasting
   Level 0.6 Transmutations
 * Level 3.2 Earth Magic


You had 2 spell levels left.
You knew the following spells:

 Your Spells              Type           Power        Failure   Level  Hunger
a - Sandblast             Erth           #.....       9%          1    ##.....

Your spell library contained the following spells:

 Spells                   Type           Power        Failure   Level  Hunger
 Passwall                 Tmut/Erth      #.......     22%         2    ###....
 Stone Arrow              Conj/Erth      #.....       43%         3    ####...
 Petrify                  Tmut/Erth      #.......     80%         4    #####..
 Lee's Rapid Deconstruct  Erth           #.........   92%         5    ######.


Dungeon Overview and Level Annotations

Branches:
Dungeon (3/15)

Altars:


Innate Abilities, Weirdness & Mutations

You are too large for most types of armour.
You have claws for hands.
Your metabolism is lightning-fast.
You like to eat raw meat.
Your natural rate of healing is unusually fast.
You are covered in fur. (AC +1)
You have very tough skin. (AC +2)


Message History

Things that are here:
a club; a leather armour Unknown command.
You closely miss the orc. The orc hits you with a hand axe.
* * * LOW HITPOINT WARNING * * *
The goblin misses you.
You scratch the orc.
The orc is heavily wounded.
The orc hits you but does no damage. The goblin hits you.
* * * LOW HITPOINT WARNING * * *
You barely miss the orc.
The orc is heavily wounded.
An orc comes into view. It is wielding a flail of protection.
The orc barely misses you. The goblin hits you but does no damage.
You claw the orc!
You kill the orc!
The goblin hits you.
* * * LOW HITPOINT WARNING * * *
You miss the goblin. The goblin hits you.
You die...

#. #.. .. #.
##o# #...
#.#...###
##....)@.######
.......g......#
##.......####.#
#......:#
###...#.. ####
.#. .### .. ##


You could see an orc and a goblin.

Vanquished Creatures
  2 dart slugs (D:1)
  2 orcs (D:3)
  3 bats (D:1)
  2 goblins (D:1)
  2 hobgoblins (D:1)
  A kobold (D:2)
  6 rats (D:1)
18 creatures vanquished.

Notes
Turn   | Place    | Note
-------+----------+-------------------------------------------
     0 | D:1      | Deathtrap2010 the Troll Earth Elementalist began the quest
                  | for the Orb.
     0 | D:1      | Reached XP level 1. HP: 16/16 MP: 1/1
   125 | D:1      | Reached skill level 3 in Earth Magic
   137 | D:1      | Reached XP level 2. HP: 24/24 MP: 3/3
   375 | D:3      | Slain by a goblin

Vault maps used:
D:1:      ebering_hopf_link, st_stairs_7
D:2:      zin_scriptorium, minmay_splitting_lines
D:3:      first_ration, uniq_grinder, uniq_jessica

Skill      XL: |  1 |
---------------+----+-----
Earth Magic    | 3 |  3.2
Fighting       | |  0.2
Dodging        | |  1.7
Stealth        | |  1.0
Unarmed Combat | |  0.4
Spellcasting   | |  1.4
Transmutations | |  0.6

Action                   || total
-------------------------++-------
Melee: Unarmed           ||    53
 Cast: Sandblast         ||     8
  Use: Scroll            ||     2
  Eat: Ration            ||     1
Armor: Robe              ||    28
Dodge: Dodged            ||    50

Table legend:
 A = Non-vault XP
 B = Vault XP
 C = Vault XP percentage of total XP
 D = Non-vault monster count
 E = Vault monster count
 F = Vault count percentage of total count
                 A         B        C        D         E       F
            +---------+---------+-------+---------+---------+-------
      Total |      32 |       2 |   5.9 |      17 |       1 |   5.6
            +---------+---------+-------+---------+---------+-------
        D:1 |      25 |       2 |   7.4 |      14 |       1 |   6.7
        D:2 |       1 |       0 |   0.0 |       1 |       0 |   0.0
        D:3 |       6 |       0 |   0.0 |       2 |       0 |   0.0
            +---------+---------+-------+---------+---------+-------
